 Dungeon Crawl Stone Soup version 0.18-a0-1186-gd02dc51 (webtiles) character file.

1542 dvd the Apprentice (level 8, -13/70 HPs)
             Began as a Deep Dwarf Artificer on Jan 28, 2016.
             Was an Initiate of Pakellas.
             Mangled by an ogre
             ... wielding a +0 giant club
              (20 damage)
             ... on level 6 of the Dungeon.
             The game lasted 00:23:31 (4493 turns).

dvd the Apprentice (Deep Dwarf Artificer)           Turns: 4493, Time: 00:23:31

Health: -13/70     AC: 14    Str: 18    XL:     8   Next: 56%
Magic:  11/11      EV:  9    Int: 12    God:    Pakellas [......]
Gold:   204        SH:  9    Dex: 13    Spells: 0 memorised, 7 levels left

rFire  . . .     SeeInvis .     c - +3 morningstar (protect)
rCold  . . .     Gourm    .     t - +0 scale mail
rNeg   . . .     Faith    .     z - +0 shield
rPois  .         Spirit   .     G - +1 helmet
rElec  .         Dismiss  .     (no cloak)
rCorr  .         Reflect  .     (no gloves)
SustAt .         Harm     .     (no boots)
MR     ++...                    (no amulet)
Stlth  +.........               w - ring of protection from magic
                                o - +3 ring of slaying

@: non-regenerating, very resistant to hostile enchantments, very unstealthy
A: damage resistance, recharge devices, sense surroundings 1, slow regeneration
3
a: Device Recharging, Renounce Religion


You were on level 6 of the Dungeon.
You worshipped Pakellas.
Pakellas was noncommittal.
You were near starving.

You visited 2 branches of the dungeon, and saw 7 of its levels.

You collected 324 gold pieces.
You spent 120 gold pieces at shops.

Inventory:

Hand Weapons
 a - a +0 war axe
 c - a +3 morningstar of protection (weapon)
 n - a +0 mace
 v - a +2 dagger of speed
 y - a +0 dagger of protection
 C - a +2 dagger of electrocution
Armour
 b - a +0 leather armour
 j - a +0 chain mail
 m - a +0 plate armour
 t - a +0 scale mail (worn)
 z - a +0 shield (worn)
 G - a +1 helmet (worn)
Jewellery
 o - a +3 ring of slaying (left hand)
 u - an uncursed ring of protection from cold
 w - a ring of protection from magic (right hand)
Wands
 f - a wand of heal wounds (2/9)
Scrolls
 d - 2 scrolls of teleportation
 l - 5 scrolls of identify
 q - 2 scrolls of remove curse {unknown}
 s - 2 scrolls of blinking
 D - 2 scrolls of magic mapping {unknown}
Potions
 i - a potion of curing
 k - 2 potions of flight
 r - a potion of resistance
 B - a potion of cure mutation
 F - a potion of brilliance
Comestibles
 g - 5 bread rations
 h - 2 slices of pizza
 p - a beef jerky
 x - 2 meat rations
 A - 3 fruits


   Skills:
 + Level 3.6 Fighting
 + Level 1.2 Short Blades
 + Level 4.3(4.7) Axes
 + Level 2.4(3.5) Maces & Flails
 + Level 4.9 Armour
 + Level 4.6 Dodging
 + Level 2.4 Stealth
 + Level 4.7 Shields
 + Level 6.1 Evocations


You had 7 spell levels left.
You didn't know any spells.

Dungeon Overview and Level Annotations

Branches:
Dungeon (6/15)             Temple (1/1) D:6

Altars:
Ashenzari
Cheibriados
Dithmenos
Elyvilon
Fedhas
Gozag
Kikubaaqudgha
Makhleb
Nemelex Xobeh
Okawaru
Pakellas
Qazlal
Ru
Sif Muna
Trog
Vehumet
Xom
Yredelemnul
Zin
The Shining One

Shops:
D:5 %(


Innate Abilities, Weirdness & Mutations

You are resistant to damage.
You can recharge devices by infusing magical energy.
You passively map a small area around you.
You do not regenerate naturally.


Message History

Press: ? - help, Shift-Dir - straight line, f - you You feel much better.
This wand has 2 charges left.
The ogre hits you with a giant club!
Unknown command.
You completely miss the ogre.
The ogre is moderately wounded.
The ogre hits you with a giant club!
* * * LOW HITPOINT WARNING * * *
You puncture the ogre!
The ogre is severely wounded.
You block the ogre's attack.
You hit the ogre but do no damage.
The ogre is severely wounded.
The ogre hits you with a giant club!
* * * LOW HITPOINT WARNING * * *
You are near starving!
You hit the ogre.
The ogre is almost dead.
The ogre hits you with a giant club!!
You die...

#....#################
#...>.................
##....#########........
#.....#....####.#......
#......................
#.#.....##.####.#..#...
###'#+######.####.#..#...
#............#....#..#...
#.......@................
#.......O...##.........##
###.......####.........##
#............#........#
#............#........#
#............'........#
#.......######........#
#.......# ###........#
#.......####..........#


You could see an ogre.

Vanquished Creatures
  Sigmund (D:6)
  Eustachio (D:6)
  A water moccasin (D:6)
  3 ogres
  A centaur (D:6)
  A giant frog (D:6)
  4 crimson imps (D:5)
  A centaur zombie (D:6)
  2 centaur skeletons
  2 hounds
  2 orc priests
  2 jellies
  2 iguanas
  A giant frog skeleton (D:5)
  2 worker ants
  A worker ant zombie (D:5)
  Robin (D:4)
  3 gnolls
  5 adders
  2 shadow imps
  An ooze (D:2)
  An adder skeleton (D:4)
  2 adder zombies
  2 worms (D:2)
  6 giant geckos
  7 orcs
  2 ball pythons
  6 giant cockroaches
  12 hobgoblins
  7 jackals
  A quokka (D:4)
  A ball python skeleton (D:3)
  5 bats
  2 giant gecko skeletons
  3 giant newts
  7 goblins
  A jackal skeleton (D:4)
  7 kobolds
  2 quokka skeletons (D:4)
  3 rats
116 creatures vanquished.

Vanquished Creatures (collateral kills)
  An adder skeleton (D:3)
  4 orcs (D:3)
  A hobgoblin (D:2)
  A jackal (D:3)
  A kobold (D:3)
  A ball python (D:3)
  A goblin (D:2)
10 creatures vanquished.

Vanquished Creatures (others)
  An orc wizard (D:4)
  A hound zombie (D:3)
  A gnoll (D:4)
  An adder (D:3)
  A giant gecko (D:3)
  An orc (D:3)
  A goblin (D:3)
  A hobgoblin (D:2)
  2 jackals (D:3)
  A rat (D:1)
11 creatures vanquished.

Grand Total: 137 creatures vanquished

Notes
Turn   | Place    | Note
--------------------------------------------------------------
     0 | D:1      | dvd the Deep Dwarf Artificer began the quest for the Orb.
     0 | D:1      | Reached XP level 1. HP: 16/16 MP: 3/3
    48 | D:1      | Reached skill level 1 in Short Blades
   126 | D:1      | Reached XP level 2. HP: 16/24 MP: 5/5
   525 | D:1      | Reached skill level 1 in Fighting
   525 | D:1      | Reached XP level 3. HP: 7/31 MP: 6/6
   824 | D:2      | Reached skill level 1 in Armour
   892 | D:2      | Reached skill level 5 in Evocations
  1019 | D:2      | Reached XP level 4. HP: 34/38 MP: 7/7
  1804 | D:3      | Reached XP level 5. HP: 17/44 MP: 9/9
  1859 | D:3      | Found a bloodstained altar of Trog.
  2099 | D:4      | Reached skill level 1 in Axes
  2147 | D:4      | Noticed Robin
  2154 | D:4      | Killed Robin
  2233 | D:4      | HP: 1/45 [iguana (4)]
  2234 | D:4      | Reached skill level 1 in Shields
  2275 | D:4      | Reached XP level 6. HP: 52/52 MP: 10/10
  2722 | D:5      | Entered Level 5 of the Dungeon
  2835 | D:5      | Found a sacrificial altar of Ru.
  2939 | D:5      | Reached XP level 7. HP: 51/61 MP: 11/11
  2956 | D:5      | Reached skill level 6 in Evocations
  3051 | D:5      | Found Fawafafa's Food Shop.
  3435 | D:5      | Found Jirphoz's Antique Weapon Shop.
  3438 | D:5      | Bought a glowing morningstar for 120 gold pieces
  3698 | D:5      | Found a glowing golden altar of the Shining One.
  3917 | D:6      | Reached XP level 8. HP: 23/69 MP: 12/12
  3978 | D:6      | Noticed Eustachio
  4012 | D:6      | Killed Eustachio
  4012 | D:6      | Reached skill level 1 in Maces & Flails
  4150 | D:6      | Found a staircase to the Ecumenical Temple.
  4194 | Temple   | Entered the Ecumenical Temple
  4295 | Temple   | Became a worshipper of Pakellas the Inventive
  4453 | D:6      | Noticed Sigmund
  4468 | D:6      | Killed Sigmund
  4493 | D:6      | Mangled by an ogre

Vault maps used:
D:1:      shiori_arrival_elements
D:2:      serial_bayou_pond_b, kennysheep_nondescript
D:3:      lemuel_coloured_pillars_altar, serial_undead, serial_undead_f,
          serial_undead_d, serial_undead_a, serial_undead_e, first_bread
D:4:      uniq_robin
D:5:      hangedman_ru_absence, serial_shops, shop, kennysheep_mini, tso_altar
D:6:      minmay_temple_entry_statues_fountains, uniq_eustachio, uniq_sigmund
Temple:   kilobyte_greek_temple_18

Action                   |  1- 3 |  4- 6 |  7- 9 || total
-------------------------+-------+-------+-------++-------
Melee: Short sword       |    25 |       |       ||    25
       Mace              |    57 |       |       ||    57
       War axe           |     4 |   205 |    61 ||   270
       Morningstar       |       |       |   111 ||   111
 Abil: Device Recharging |       |       |     1 ||     1
Evoke: Wand              |    26 |    22 |     5 ||    53
  Use: Potion            |       |     7 |     4 ||    11
       Scroll            |       |     6 |     2 ||     8
 Stab: Sleeping          |     2 |       |       ||     2
       Confused          |     1 |       |       ||     1
  Eat: Chunk             |       |     7 |     4 ||    11
